 Dungeon Crawl Stone Soup version 0.20-a0-286-gae82e34 (webtiles) character file.

163 Junicave the Digger (level 5, 0/28 HPs)
             Began as a Gargoyle Earth Elementalist on Dec 14, 2016.
             Was an Initiate of Vehumet.
             Slain by Sigmund
             ... wielding a +1 scythe of freezing
              (7 damage)
             ... on level 3 of the Dungeon.
             The game lasted 00:14:57 (6183 turns).

Junicave the Digger (Gargoyle Earth Elementalist)   Turns: 6183, Time: 00:14:58

Health: 0/28       AC:  6    Str: 11    XL:     5   Next: 44%
Magic:  0/11       EV: 12    Int: 17    God:    Vehumet [......]
Gold:   184        SH:  0    Dex: 10    Spells: 8/12 levels left

rFire  . . .     SeeInvis .     p - +1 short sword (speed)
rCold  . . .     Gourm    .     c - +0 robe
rNeg   + . .     Faith    .     (no shield)
rPois  ∞         Spirit   .     (no helmet)
rElec  +         Reflect  .     (no cloak)
rCorr  .         Harm     .     (no gloves)
MR     .....                    (no boots)
Stlth  ++........               (no amulet)
                                (no ring)
                                (no ring)

@: very slightly contaminated
A: negative energy resistance 1, electricity resistance, unbreathing,
petrification resistance, rot immunity, AC +4
a: Renounce Religion


You were on level 3 of the Dungeon.
You worshipped Vehumet.
Vehumet was noncommittal.
You were not hungry.

You visited 1 branch of the dungeon, and saw 3 of its levels.

You collected 184 gold pieces.

Inventory:

Hand Weapons
 g - a +0 mace
 k - a +1 short sword of venom
 p - a +1 short sword of speed (weapon)
 q - a +1 short sword of protection
 y - a cursed -2 dagger
Missiles
 b - 205 stones (quivered)
Armour
 c - a +0 robe (worn)
Jewellery
 h - an uncursed ring of fire {unknown}
Scrolls
 a - a scroll of enchant weapon {unknown}
 f - a scroll of enchant armour {unknown}
 i - 2 scrolls of recharging {unknown}
 j - 2 scrolls of identify {unknown}
 l - 2 scrolls of fog {unknown}
 m - a scroll of teleportation {unknown}
 n - 4 scrolls of remove curse {unknown}
 o - a scroll of amnesia {unknown}
 v - 2 scrolls of blinking {unknown}
Potions
 r - a potion of brilliance {unknown}
 s - a potion of agility {unknown}
 t - a potion of degeneration {unknown}
 u - a potion of might {unknown}
 x - a potion of flight {unknown}
Books
 e - a book of Geomancy

   Spells                             Type                      Level
   a - Sandblast                      Earth                        1
   b - Passwall                       Transmutation/Earth          2
   c - Stone Arrow                    Conjuration/Earth            3
   d - Petrify                        Transmutation/Earth          4
   e - Lee's Rapid Deconstruction     Earth                        5
Comestibles
 d - 2 bread rations
 w - 9 chunks of flesh


   Skills:
 - Level 1.5 Dodging
 - Level 2.1 Stealth
 * Level 4.0 Spellcasting
 + Level 1.6 Conjurations
   Level 0.7 Transmutations
 + Level 4.9 Earth Magic


You had 8 spell levels left.
You knew the following spells:

 Your Spells              Type           Power        Failure   Level  Hunger
a - Sandblast             Erth           ###...       2%          1    None
b - Stone Arrow           Conj/Erth      ##....       14%         3    ###....


Dungeon Overview and Level Annotations

Branches:
Dungeon (3/15)

Altars:
Qazlal
Vehumet

Annotations:
D:3 Sigmund


Innate Abilities, Weirdness & Mutations

You are resistant to torment.
Your stone body is resilient. (AC +4)
You are immune to poison.
You resist negative energy. (rN+)
You are resistant to electric shocks. (rElec)
You can survive without breathing.
You are immune to petrification.
You are immune to rotting.


Message History

You barely miss Sigmund.
Sigmund is severely wounded.
Sigmund hits you with a scythe of freezing.
Sigmund freezes you.
* * * LOW HITPOINT WARNING * * *
You hit Sigmund but do no damage.
Sigmund is severely wounded.
You closely miss Sigmund.
Sigmund is severely wounded.
Sigmund points at you and mumbles some strange words.
The magic dart hits you!
* * * LOW HITPOINT WARNING * * *
Casting: Stone Arrow
Confirm with . or Enter, or press ? or * to list all spells.
Aiming: Sandblast
Press: ? - help, Shift-Dir - straight line, f/p - Sigmund
Aim: Sigmund, wielding a scythe of freezing and wearing an embroidered robe (severely wounded)
The blast of sand misses Sigmund.
Sigmund hits you with a scythe of freezing!
You die...

#.# #.#
#.#########.#
#.#.........#
#.#'#########*
#....[.....,,,
#.....#####***
#.........* *
#######....#.#.****
#.@...'........,,,,
#@#####....###.#***
#.# #....#,,..,,*
#.# #....#,*^*,**
#.#####....#,*,*,,,
#..........#,,,*,,,
##..........****,,,
+@.........+,,,,,,
#........,,*****,,


You could see Sigmund.

Vanquished Creatures
  6 adders
  An ooze (D:2)
  3 worms (D:2)
  2 dart slugs
  2 leopard geckos
  7 orcs
  3 giant cockroaches
  12 goblins
  14 hobgoblins
  9 bats
  3 frilled lizards
  7 kobolds
  15 rats
84 creatures vanquished.

Notes
Turn   | Place    | Note
-------+----------+-------------------------------------------
     0 | D:1      | Junicave the Gargoyle Earth Elementalist began the quest for the Orb.
     0 | D:1      | Reached XP level 1. HP: 10/10 MP: 3/3
   393 | D:1      | Reached XP level 2. HP: 15/15 MP: 3/5
  1056 | D:1      | Reached XP level 3. HP: 19/19 MP: 0/7
  1749 | D:1      | Learned a level 3 spell: Stone Arrow
  3188 | D:2      | Reached XP level 4. HP: 13/24 MP: 8/8
  3410 | D:2      | Found a faded altar of an unknown god.
  3436 | D:2      | Reached skill level 1 in Conjurations
  3625 | D:2      | Found a faded altar of an unknown god.
  3938 | D:2      | Reached XP level 5. HP: 23/28 MP: 8/10
  4050 | D:2      | Found a faded altar of an unknown god.
  4139 | D:2      | Found a stormy altar of Qazlal.
  4139 | D:2      | Found a radiant altar of Vehumet.
  4142 | D:2      | Became a worshipper of Vehumet
  4770 | D:2      | Found a faded altar of an unknown god.
  4981 | D:2      | Found a stormy altar of Qazlal.
  4981 | D:2      | Found a radiant altar of Vehumet.
  5072 | D:2      | Found a faded altar of an unknown god.
  5479 | D:2      | Found a stormy altar of Qazlal.
  5479 | D:2      | Found a radiant altar of Vehumet.
  5569 | D:2      | Found a faded altar of an unknown god.
  6162 | D:3      | Noticed Sigmund
  6183 | D:3      | Slain by Sigmund

Vault maps used:
D:1:      onia_arrival_mini_maze_b
D:2:      gammafunk_temple_overflow_elements, chequers_ecumenical_altar_island,
          minmay_heptomino_d4
D:3:      first_bread, uniq_sigmund

Skill      XL: |  1  2  3  4  5 |
---------------+----------------+-----
Earth Magic    | 4 |  4.9
Spellcasting   | 3 4 |  4.0
Conjurations   | 1 |  1.6
Dodging        | |  1.5
Stealth        | |  2.1
Transmutations | |  0.7

Action                   |  1- 3 |  4- 6 || total
-------------------------+-------+-------++-------
Melee: Unarmed           |    23 |       ||    23
       Short sword       |    90 |   110 ||   200
 Cast: Sandblast         |    32 |    34 ||    66
       Stone Arrow       |       |     3 ||     3
 Stab: Sleeping          |     1 |     2 ||     3
  Eat: Chunk             |     3 |     5 ||     8
       Bread ration      |     1 |     1 ||     2
Armor: Robe              |    43 |    52 ||    95
Dodge: Dodged            |    75 |    74 ||   149
